 Dungeon Crawl Stone Soup version 0.25-a0-503-ge281fa673e (webtiles) character file.

Game seed: 12597990060302218267, levelgen mode: classic

445856 EnegeticOcto the Champion of Chaos (level 22, -16/151 HPs)
             Began as a Deep Dwarf Fighter on Feb 13, 2020.
             Was the Champion of Makhleb.
             Killed from afar by an iron dragon (50 damage)
             ... with a spray of metal splinters
             ... on level 2 of the Depths.
             The game lasted 00:24:29 (19567 turns).

EnegeticOcto the Champion of Chaos (DDFi)          Turns: 19567, Time: 00:24:29

Health: -16/151    AC: 30    Str: 29 (33) XL:     22   Next: 80%
Magic:  10/10 (1)  EV: 16    Int:  1 (7)  God:    Makhleb [******]
Gold:   2530       SH: 30    Dex: 12 (13) Spells: 21/21 levels left

rFire    + + .     SeeInvis +   a - +8 broad axe of Imminent Death {drain, Str+3}
rCold    + + .     Gourm    .   s - +5 tower shield {AC+3}
rNeg     + . .     Faith    .   k - +9 chain mail of Repulsion {rElec rC+ SInv}
rPois    +         Spirit   .   p - +2 helmet
rElec    +         Reflect  +   w - scarf {rC+ rF+}
rCorr    .         Harm     .   T - +0 pair of gloves of the Invisible Hand {Dex+3} (curse)
MR       +++..     Rnd*Rage +   v - +2 pair of boots
Stlth    ..........             H - +3 amulet of reflection
HPRegen  0.00/turn              c - ring of magical power
MPRegen  0.12/turn              N - ring of poison resistance

@: non-regenerating, slowed, lost intelligence, very slow
A: damage resistance, heal wounds, berserk 3, blurry vision 3, clumsy 1,
deformed body, deterioration 2, dopey 1, fire resistance 1, frail 3, low mp 2,
negative energy resistance 1, sense surroundings 3, screaming 3, MP-powered
wands, no regeneration
0: Orb of Zot
}: 3/15 runes: decaying, serpentine, silver
a: Heal Wounds, Minor Destruction, Lesser Servant of Makhleb, Major Destruction,
Greater Servant of Makhleb, Renounce Religion


You were on level 2 of the Depths.
You worshipped Makhleb.
Makhleb was exalted by your worship.
You were not hungry.

You visited 8 branches of the dungeon, and saw 45 of its levels.
You visited 1 bazaar.
You also visited: Sewer.

You collected 3560 gold pieces.
You spent 1030 gold pieces at shops.

Inventory:

Hand Weapons
 a - the +8 broad axe of Imminent Death (weapon) {drain, Str+3}
   (You acquired it on level 6 of the Dungeon)

   A truly terrible weapon, it drains the life of those it strikes.
   It affects your strength (+3).
Missiles
 D - 3 throwing nets (quivered)
Armour
 k - the +9 chain mail of Repulsion (worn) {rElec rC+ SInv}
   (You found it on level 4 of the Dungeon)

   It protects you from cold.
   It insulates you from electricity.
   It lets you see invisible.
   If you remove this armour, your AC will decrease by 18 (30 -> 12).
 p - a +2 helmet (worn)
 s - a +5 tower shield of protection (worn)
 v - a +2 pair of boots (worn)
 w - a scarf of resistance (worn)
 T - the cursed +0 pair of gloves of the Invisible Hand (worn) {Dex+3}
   (You took it off Nikola on level 3 of the Snake Pit)

   It affects your dexterity (+3).
   If you remove this armour, your AC will decrease by 1 (30 -> 29).
   It has a curse placed upon it.
Jewellery
 c - a ring of magical power (left hand)
 H - a +3 amulet of reflection (around neck)
 N - a ring of poison resistance (right hand)
 X - a cursed amulet of inaccuracy
Wands
 q - a wand of polymorph (30)
 t - a wand of iceblast (15)
 x - a wand of acid (22)
 z - a wand of disintegration (21)
 B - a wand of scattershot (8)
 C - a wand of flame (55)
 E - a wand of clouds (11)
 I - a wand of enslavement (25)
Scrolls
 h - 18 scrolls of remove curse {@r6}
 y - 8 scrolls of teleportation {@r2}
 J - a scroll of enchant weapon
 K - 4 scrolls of identify {@r1}
 L - 4 scrolls of immolation {@r4}
 M - 6 scrolls of fear
 P - 2 scrolls of brand weapon
 Q - 2 scrolls of blinking {@r3}
 V - 2 scrolls of vulnerability
Potions
 b - a potion of mutation
 d - 3 potions of might {@q3}
 f - 3 potions of magic
 l - 14 potions of curing {@q1}
 m - a potion of berserk rage
 n - 3 potions of agility {@q5}
 o - a potion of cancellation
 u - 2 potions of lignification {@q7}
 A - 2 potions of resistance {@q6}
 F - 4 potions of brilliance
 O - 2 potions of ambrosia
Miscellaneous
 G - a lamp of fire
Comestibles
 e - 48 rations


   Skills:
 * Level 16.7 Fighting
 * Level 21.3 Axes
 + Level 16.0 Armour
 + Level 17.6 Dodging
 + Level 16.2 Shields
 * Level 23.0 Invocations


You had 21 spell levels left.
You didn't know any spells.
Your spell library was empty.

Dungeon Overview and Level Annotations

Branches:
Dungeon (15/15)            Temple (1/1) D:7            Lair (6/6) D:10
  Swamp (4/4) Lair:3        Snake (4/4) Lair:4        Slime (0/5) Lair:5
    Orc (0/2) D:10         Vaults (5/5) D:13         Depths (5/5) D:15
    Zot (5/5) Depths:5      Sewer (visited)
  Crypt: Vaults:2-3

Altars:
Ashenzari
Cheibriados
Dithmenos
Elyvilon
Fedhas
Hepliaklqana
Kikubaaqudgha
Makhleb
Nemelex Xobeh
Okawaru
Qazlal
Ru
Sif Muna
Trog
Uskayaw
Vehumet
Wu Jian
Xom
Yredelemnul
Zin
The Shining One
Jiyva

Shops:
D:6 *   D:7 %   D:15 *

Portals:
Hell: Depths:3

Annotations:
D:10 exclusion: orange crystal statue
D:11 2 transporters
Lair:1 exclusion: oklob plant, Sonja
Lair:6 1 runed translucent door, 1 exclusion
Swamp:3 Mara
Snake:4 1 transporter


Innate Abilities, Weirdness & Mutations

You are resistant to damage.
You can heal yourself by infusing magical energy.
You resist negative energy. (rN+)
You passively map a large area around you.
You do not regenerate.
You have an uncontrollable temper.
Scrolls take you much longer to read.
You are clumsy. (Dex -2)
Armour fits poorly on your strangely shaped body.
Your body often deteriorates upon taking damage.
You are dopey. (Int -2)
Your flesh is heat resistant. (rF+)
You are extremely frail. (-30% HP)
Your magical capacity is very low. (-20% MP)
You frequently scream uncontrollably at your foes.
You expend magic power (3 MP) to strengthen your wands.


Message History

You block the fire dragon's attack. The fire dragon completely misses you.
The fire dragon tramples you.
You hold your ground!
The Orb Guardian hits you but does no damage.
You slice the quicksilver dragon!! You drain the quicksilver dragon!
You kill the quicksilver dragon!
Makhleb accepts your kill.
You feel better.
You slice the Orb Guardian!! You drain the Orb Guardian!
You hit the fire dragon. You drain the fire dragon.
You block the Orb Guardian's attack. The fire dragon breathes flames at you.
The blast of flame hits you! You resist. The Orb Guardian misses you.
You hear a deafening roar! x2
You hit the fire dragon but do no damage.
You drain the fire dragon.
The fire dragon is lightly wounded.
You hit the Orb Guardian but do no damage.
You hear a shout!
You block the fire dragon's attack. x3; The Orb Guardian hits you!
You block the fire dragon's attack.
The fire dragon claws you but does no damage.
The fire dragon completely misses you.
A tengu reaver comes into view.
It is wielding a +3 dire flail and wearing a +0 scale mail of fire resistance.
You slice the fire dragon!! You drain the fire dragon!
The fire dragon is severely wounded.
You hit the Orb Guardian. The Orb Guardian hits you!
The Orb Guardian hits you but does no damage.
The fire dragon breathes flames at you. The blast of flame misses you.
An iron dragon comes into view.
You hear a shout!
You carve the fire dragon like a ham!!!
You kill the fire dragon!
Makhleb accepts your kill.
You feel better.
You hit the Orb Guardian. You block the Orb Guardian's attack.
You miss the Orb Guardian.
The Orb Guardian is almost dead.
You block the Orb Guardian's attack. x2
You hit the Orb Guardian but do no damage.
You drain the Orb Guardian.
The Orb Guardian is almost dead.
You block the Orb Guardian's attack. The tengu reaver casts a spell at you.
The bolt of acid misses you. You block the Orb Guardian's attack.
A sphinx comes into view.
The sphinx shouts!
Okay, then.
You slice the Orb Guardian like a ripe choko!!!
You kill the Orb Guardian!
Makhleb accepts your kill.
You feel better.
You feel your intelligence returning.
Really read with blurry vision while enemies are nearby?
You almost manage to decipher the scroll, but fail in this attempt.
A great orb of eyes comes into view.
The tengu reaver casts a spell.
The tengu reaver conjures a globe of magical energy!
You scream at the battlesphere!
A battlesphere comes into view.
A stone giant comes into view.
The stone giant shouts!
You hear a screech!
A frost giant comes into view.
It is wielding a +2 battleaxe of freezing.
You scream at the frost giant!
You block the tengu reaver's attack. x2
The tengu reaver claws you.
The iron dragon breathes metal splinters at you.
The spray of metal splinters misses you.
You hear a shout!
You hit the tengu reaver.
The tengu reaver is lightly wounded.
You slice the iron dragon!! You drain the iron dragon.
The tengu reaver gestures at you while chanting.
The bolt of acid misses you.
The battlesphere fires!
The barrage of energy hits you but does no damage.
You block the iron dragon's attack. The iron dragon claws you!
The iron dragon tramples you but does no damage.
The tengu reaver misses you.
The tengu reaver pecks you but does no damage.
The tengu reaver claws you but does no damage.
You slice the tengu reaver!! You drain the tengu reaver.
The tengu reaver is moderately wounded.
You barely miss the iron dragon.
A caustic shrike comes into view.
You block the tengu reaver's attack.
The tengu reaver pecks you but does no damage.
The tengu reaver misses you.
The iron dragon breathes metal splinters at you.
The spray of metal splinters hits you!!
* * * LOW HITPOINT WARNING * * *
You hear a deafening roar!
You miss the tengu reaver.
The tengu reaver is moderately wounded.
You hit the iron dragon. You barely miss the battlesphere.
You block the tengu reaver's attack.
The tengu reaver pecks you but does no damage.
You block the tengu reaver's attack. The iron dragon closely misses you.
You block the iron dragon's attack. The iron dragon tramples you.
* * * LOW HITPOINT WARNING * * *
You stumble backwards!
The iron dragon breathes metal splinters at you.
The spray of metal splinters hits you!!!
You die...

,, , , * ..# , , * #,,*, ,
..# *, * * , #### * ####'#
, , ≈..# +..b÷# # ,, ...# ,
#..÷C#, , .## . , ...#*
,#...H# , #..#.., , ≈
...### ,#....# , #...... ,
,,,≈
.....####..HQ####...##..≈≈
* .......#(()(*CD.@.......
, ,
.......#...[.bG.......#. *,
, ,
........#............... *
* ..#####......##.........,
,,
.##...##.#...#.........., ,
.#.....#.........#...... ,
,,
.#..>.....##.....#<.....,,,
, ,,
.#.....#..##............, ,
.##...##.## #......,,, , ,


You could see an iron dragon, a caustic shrike, a frost giant, a sphinx, a tengu
reaver, a great orb of eyes and a battlesphere.

Vanquished Creatures
  4 orbs of fire (Zot:5)
  A juggernaut (Depths:2)
  2 Killer Klowns (Zot:5)
  A curse toe (Zot:1)
  9 golden dragons
  Nikola (Snake:3)
  2 bone dragons (Depths:5)
  2 liches
  3 electric golems
  Rupert (D:12)
  7 tentacled monstrosities
  6 titans (Vaults:5)
  4 quicksilver dragons
  22 Orb Guardians
  4 sphinxes
  An Executioner (Zot:5)
  5 death cobs
  Frances (D:13)
  A thorn hunter (Swamp:3)
  Agnes (D:15)
  5 shadow dragons
  4 tengu reavers
  8 nagarajas
  4 storm dragons
  Roxanne (D:15)
  2 draconian monks (Zot:3)
  3 fire giants
  4 iron dragons (Vaults:5)
  A ghost moth (Zot:2)
  5 vault wardens
  2 frost giants (Vaults:5)
  6 draconian scorchers
  A draconian knight (Depths:5)
  4 draconian shifters
  A deep elf elementalist (Vaults:5)
  A spriggan defender (Depths:2)
  5 draconian stormcallers
  A draconian annihilator (Zot:4)
  2 war gargoyles (Vaults:5)
  2 ironheart preservers (Vaults:5)
  8 stone giants
  2 hydra skeletons (Swamp:4)
  8 very ugly things (Vaults:5)
  2 vampire knights (Swamp:4)
  3 black draconians
  2 deep elf annihilators
  Azrael (D:12)
  Nessos (D:15)
  3 yellow draconians
  7 white draconians
  6 green draconians
  A lorocyproca (Zot:5)
  9 purple draconians
  5 red draconians
  3 fire dragons
  10 ettins
  2 deep elf death magi (Vaults:5)
  Josephine (D:12)
  A green death (Zot:3)
  A deep elf high priest (Vaults:5)
  A great orb of eyes (Depths:1)
  Erolcha (D:10)
  7 yaktaur captains
  24 vault guards
  13 naga warriors
  11 hydras
  A rakshasa (Zot:3)
  2 spriggan air magi (Depths:3)
  7 ice dragons
  2 centaur warriors
  A death knight (D:15)
  4 shambling mangroves
  4 anacondas
  16 two-headed ogres
  An alligator (shapeshifter) (Vaults:5)
  7 alligators
  2 tengu warriors
  2 deep troll shamans (Depths:3)
  2 deep troll earth magi
  3 ogre magi
  Urug (D:11)
  11 naga sharpshooters
  2 deep elf knights (Vaults:5)
  A shock serpent (shapeshifter) (Vaults:5)
  A fire crab (Lair:6)
  2 shock serpents (Snake:3)
  A skeletal warrior (D:15)
  An iron troll (Depths:3)
  An unseen horror (D:10)
  3 spriggan druids (Swamp:4)
  2 spectral hydras (Swamp:4)
  4 naga ritualists (Snake:4)
  A phantasmal warrior (D:15)
  6 swamp dragons
  13 deep trolls
  4 deep elf archers
  2 necromancers
  Pikel (D:5)
  5 ironbrand convokers
  2 wizards
  3 orc knights
  8 ugly things
  2 mana vipers (Snake:2)
  9 deep elf magi
  A lindwurm (Lair:4)
  A wolf spider (shapeshifter) (Vaults:5)
  3 salamanders
  2 oklob plants (Swamp:4)
  A manticore (shapeshifter) (Vaults:5)
  2 manticores
  9 cyclopes
  A wolf spider (Vaults:2)
  12 moths of wrath
  11 elephants
  A cyclops (shapeshifter) (Depths:2)
  24 black mambas
  2 guardian serpents
  A smoke demon (Zot:3)
  A torpor snail (Lair:6)
  7 vault sentinels
  20 naga magi
  2 gargoyles
  10 spiny frogs
  4 komodo dragons
  22 yaktaurs
  3 rime drakes
  3 freezing wraiths
  A tormentor (Zot:5)
  3 hellwings (Zot:3)
  4 death drake zombies (Swamp:4)
  11 polar bears (Lair:6)
  2 tengu conjurers
  A queen bee (D:12)
  A polar bear (shapeshifter) (D:13)
  A harpy zombie (D:14)
  A queen bee (shapeshifter) (D:13)
  8 trolls
  3 slime creatures
  3 meliai (D:12)
  2 tyrant leeches
  14 hornets
  4 raiju (Lair:6)
  9 bog bodies
  8 hippogriffs
  3 shadows
  3 water elementals (Depths:3)
  5 fire elementals (D:12)
  A vampire (D:14)
  4 wyverns
  5 wraiths (D:12)
  3 basilisks
  A fire bat (shapeshifter) (Vaults:5)
  5 golden eyes (Zot:2)
  62 yaks
  A golden eye (shapeshifter) (D:13)
  19 vampire mosquitoes
  3 hungry ghosts
  29 nagas
  6 wargs (Lair:6)
  13 swamp worms
  A swamp worm (shapeshifter) (Vaults:5)
  12 hell hounds
  2 hydra simulacra (Swamp:4)
  2 acid dragons
  6 water moccasins
  7 swamp drakes
  11 black bears (Lair:6)
  7 orc warriors
  6 porcupines
  8 ice beasts
  6 sky beasts
  4 slaves (D:5)
  5 swamp dragon zombies (Swamp:4)
  2 necrophages
  4 phantoms
  34 wolves
  16 ogres
  9 centaurs
  12 crocodiles
  5 big kobolds
  13 bullfrogs
  Blork the orc (D:5)
  A gnoll sergeant (D:10)
  A wyvern zombie (D:12)
  5 scorpions
  18 killer bees (D:12)
  4 wights (D:14)
  4 howler monkeys
  4 crimson imps
  2 bullfrog zombies
  4 centaur zombies
  2 quasits
  5 jellies
  6 hounds
  3 centaur skeletons
  6 orc priests
  3 bullfrog skeletons
  A gnoll shaman (D:7)
  Jessica (D:2)
  2 iguanas (D:10)
  12 orc wizards
  9 worker ants
  2 polar bear simulacra (Lair:3)
  A wolf simulacrum (Lair:3)
  8 yak simulacra (Lair:3)
  A killer bee zombie (D:6)
  A hound skeleton (D:5)
  3 worker ant zombies
  18 adders
  25 gnolls
  2 howler monkey skeletons
  6 river rats
  An ooze (Sewer)
  4 adder skeletons
  2 adder zombies
  3 worms
  A dart slug (D:1)
  4 leopard geckos
  59 orcs
  2 bats (D:1)
  A giant cockroach (D:8)
  A goblin (D:1)
  3 hobgoblins
  11 jackals
  2 quokkas
  7 ball pythons
  3 frilled lizards
  A jackal skeleton (D:6)
  31 kobolds
  A leopard gecko skeleton (D:5)
  19 rats (Sewer)
  5 briar patches (Swamp:3)
  5 fungi
  4 plants
1298 creatures vanquished.

Vanquished Creatures (collateral kills)
  2 orbs of fire (Zot:5)
  An ancient lich (Zot:5)
  2 Killer Klowns (Zot:5)
  A tentacled monstrosity (Zot:5)
  3 Orb Guardians (Zot:5)
  A death cob (Zot:1)
  2 naga warriors (Snake:4)
  4 vault guards (Vaults:5)
  2 shambling mangroves (Swamp:4)
  A shock serpent (Snake:4)
  A spectral hydra (Swamp:4)
  A swamp dragon (Swamp:4)
  A deep elf archer (Vaults:5)
  2 deep elf magi (Vaults:5)
  An oklob plant (Swamp:4)
  A death drake zombie (Swamp:4)
  A tyrant leech (Swamp:4)
  A naga (Snake:4)
  A swamp worm (Swamp:4)
  A hydra simulacrum (Swamp:4)
  3 plants (Swamp:4)
33 creatures vanquished.

Vanquished Creatures (others)
  A Killer Klown (Zot:4)
  2 tentacled monstrosities (Zot:4)
  A death cob (Zot:4)
  A draconian monk (Zot:3)
  A storm dragon (Zot:2)
  A draconian knight (Zot:2)
  A frost giant (Vaults:5)
  A draconian shifter (Zot:5)
  A white draconian (Zot:4)
  2 yellow draconians
  A yaktaur captain (Depths:5)
  A naga sharpshooter (Snake:4)
  A skeletal warrior (D:15)
  An unseen horror (D:15)
  An ugly thing (Vaults:5)
  A deep elf mage (D:15)
  A guardian serpent (Snake:4)
  A naga mage (Snake:4)
  3 yaktaurs
  A vampire (D:15)
  A water elemental (Depths:5)
  A naga (Snake:4)
  A shadow imp (D:12)
  A frilled lizard (D:15)
  A briar patch (Swamp:3)
  7 fungi
  18 plants
  13 toadstools
67 creatures vanquished.

Grand Total: 1398 creatures vanquished

Notes
Turn   | Place    | Note
-------+----------+-------------------------------------------
     0 | D:1      | EnegeticOcto the Deep Dwarf Fighter began the quest for the
                  | Orb.
     0 | D:1      | Reached XP level 1. HP: 20/20 MP: 1/1
   135 | D:1      | Reached XP level 2. HP: 25/27 MP: 2/2
   144 | D:2      | Noticed Jessica
   159 | D:2      | Killed Jessica
   159 | D:2      | Reached skill level 1 in Dodging
   159 | D:2      | Reached XP level 3. HP: 25/33 MP: 3/3
   282 | D:4      | Noticed an ogre
   295 | D:4      | Killed an ogre
   295 | D:4      | Reached XP level 4. HP: 40/42 MP: 4/4
   295 | D:4      | Reached XP level 5. HP: 47/49 MP: 5/5
   372 | D:4      | Noticed an ice beast
   385 | D:4      | Killed an ice beast
   391 | D:4      | Noticed an ogre
   400 | D:4      | Killed an ogre
   400 | D:4      | Reached XP level 6. HP: 36/56 MP: 5/5
   440 | D:4      | Got a spiked chain mail
   451 | D:4      | Identified the +9 chain mail of Repulsion {rElec rC+ SInv}
                  | (You found it on level 4 of the Dungeon)
   476 | D:4      | Reached skill level 5 in Axes
   635 | D:4      | Found an ornate altar of the Wu Jian Council.
   635 | D:4      | Found a shadowy altar of Dithmenos.
   657 | D:4      | Reached XP level 7. HP: 49/63 MP: 3/3
   892 | D:5      | Entered Level 5 of the Dungeon
   964 | D:5      | Reached skill level 5 in Armour
   964 | D:5      | Reached skill level 5 in Shields
  1152 | D:5      | Noticed Pikel
  1162 | D:5      | Reached XP level 8. HP: 42/72 MP: 3/3
  1182 | D:5      | Killed Pikel
  1219 | D:5      | Noticed Blork the orc
  1237 | D:5      | Killed Blork the orc
  1613 | D:6      | Reached skill level 5 in Fighting
  1633 | D:6      | Found Ufoep's Assorted Antiques.
  1650 | D:6      | Gained mutation: You passively map the area around you.
                  | [Deep Dwarf growth]
  1650 | D:6      | Reached XP level 9. HP: 72/81 MP: 4/4
  1650 | D:6      | Reached skill level 5 in Dodging
  1679 | D:6      | Bought a scroll labeled LILEMA CEOGOI for 24 gold pieces
  1679 | D:6      | Bought a scroll labeled KEMA HYIFO for 24 gold pieces
  1683 | D:6      | Identified the +8 broad axe of Imminent Death {drain,
                  | Str+3} (You acquired it on level 6 of the Dungeon)
  1683 | D:6      | Identified the amulet of Ofuc {Spirit rF++} (You acquired
                  | it on level 6 of the Dungeon)
  1899 | D:6      | Found a glowing drain.
  1926 | Sewer    | Entered a sewer
  2747 | D:7      | Found a staircase to the Ecumenical Temple.
  2761 | Temple   | Entered the Ecumenical Temple
  2846 | Temple   | Became a worshipper of Makhleb the Destroyer
  2879 | D:7      | Reached skill level 1 in Invocations
  3025 | D:7      | Found a hide-covered altar of Uskayaw.
  3108 | D:7      | Found Dijid's Food Emporium.
  3129 | D:7      | Reached skill level 2 in Invocations
  3226 | D:7      | Found a shimmering altar of Xom.
  3228 | D:7      | Found a shattered altar of Ashenzari.
  3228 | D:7      | Found a radiant altar of Vehumet.
  3329 | D:7      | Reached * piety under Makhleb
  3455 | D:7      | Gained mutation: Your flesh is heat resistant. (rF+)
                  | [potion of mutation]
  3455 | D:7      | Gained mutation: You have sharp toenails. [potion of
                  | mutation]
  3455 | D:7      | Gained mutation: Your spells are a little harder to cast,
                  | but a little more powerful. [potion of mutation]
  3573 | D:8      | Reached XP level 10. HP: 79/91 MP: 7/7
  3579 | D:8      | Reached skill level 3 in Invocations
  4226 | D:9      | Reached skill level 4 in Invocations
  4477 | D:9      | Reached ** piety under Makhleb
  4618 | D:10     | Entered Level 10 of the Dungeon
  4656 | D:10     | Reached skill level 10 in Axes
  4656 | D:10     | Reached skill level 5 in Invocations
  4754 | D:10     | Noticed a gargoyle
  4761 | D:10     | Reached skill level 6 in Invocations
  4765 | D:10     | Killed a gargoyle
  4765 | D:10     | Reached *** piety under Makhleb
  4777 | D:10     | Found a staircase to the Orcish Mines.
  4835 | D:10     | Reached XP level 11. HP: 90/99 MP: 10/10
  4840 | D:10     | Found a staircase to the Lair.
  4853 | D:10     | Reached skill level 7 in Invocations
  4912 | D:10     | Noticed Erolcha
  4924 | D:10     | Killed Erolcha
  5005 | D:10     | Noticed an unseen horror
  5023 | D:10     | Killed an unseen horror
  5083 | D:10     | Noticed an orange crystal statue
  5133 | D:11     | Noticed Urug
  5146 | D:11     | Killed Urug
  5146 | D:11     | Reached skill level 8 in Invocations
  5176 | D:11     | Reached **** piety under Makhleb
  5204 | D:11     | Noticed an eight-headed hydra
  5229 | D:11     | Killed a 14-headed hydra
  5358 | D:11     | Noticed a six-headed hydra
  5359 | D:11     | Noticed a two-headed ogre
  5368 | D:11     | Killed an 11-headed hydra
  5368 | D:11     | Reached skill level 9 in Invocations
  5373 | D:11     | Killed a two-headed ogre
  5407 | D:11     | Reached XP level 12. HP: 76/109 MP: 14/14
  5570 | D:11     | Reached ***** piety under Makhleb
  5582 | D:11     | Found a transporter.
  5603 | D:11     | Found a transporter.
  5994 | D:12     | Noticed Azrael
  6005 | D:12     | Reached skill level 10 in Invocations
  6019 | D:12     | Killed Azrael
  6154 | D:12     | Reached skill level 11 in Invocations
  6195 | D:12     | Noticed Josephine
  6206 | D:12     | Killed Josephine
  6252 | D:12     | Noticed Rupert
  6268 | D:12     | Killed Rupert
  6268 | D:12     | Reached XP level 13. HP: 117/117 MP: 16/16
  6565 | D:13     | Noticed Frances
  6584 | D:13     | Killed Frances
  6584 | D:13     | Reached skill level 10 in Shields
  6608 | D:13     | Found a gate to the Vaults.
  6616 | D:13     | Reached skill level 12 in Invocations
  6622 | D:13     | Reached skill level 10 in Armour
  6695 | D:13     | Reached ****** piety under Makhleb
  7203 | D:15     | Entered Level 15 of the Dungeon
  7210 | D:15     | Noticed Nessos
  7212 | D:15     | Noticed Agnes
  7229 | D:15     | Reached skill level 13 in Invocations
  7231 | D:15     | Noticed a fire dragon
  7235 | D:15     | Killed Agnes
  7235 | D:15     | Reached skill level 10 in Dodging
  7235 | D:15     | Gained mutation: You resist negative energy. (rN+) [Deep
                  | Dwarf growth]
  7235 | D:15     | Reached XP level 14. HP: 127/127 MP: 18/18
  7256 | D:15     | Killed Nessos
  7329 | D:15     | Found Newkupp's General Store.
  7337 | D:15     | Bought a scroll of magic mapping for 38 gold pieces
  7343 | D:15     | Found a shimmering altar of Xom.
  7369 | D:15     | Reached skill level 14 in Invocations
  7531 | D:15     | Noticed Roxanne
  7651 | D:15     | Killed Roxanne
  7708 | D:15     | Found a staircase to the Depths.
  7906 | Lair:1   | Entered Level 1 of the Lair of Beasts
  7969 | Lair:1   | Noticed Sonja
  9347 | Lair:3   | Found a staircase to the Swamp.
  9875 | Lair:4   | You fall into a shaft and drop 1 floor!
  9875 | Lair:5   | Found a shimmering altar of Xom.
  9929 | Lair:5   | Reached skill level 15 in Axes
 10224 | Lair:5   | Found a viscous altar of Jiyva.
 10225 | Lair:5   | Found a staircase to the Slime Pits.
 10446 | Lair:4   | Reached XP level 15. HP: 136/136 MP: 20/20
 10524 | Lair:4   | Found a staircase to the Snake Pit.
 10565 | Lair:4   | You fall into a shaft and drop 1 floor!
 10577 | Lair:6   | Entered Level 6 of the Lair of Beasts
 10717 | Lair:6   | Reached skill level 15 in Invocations
 11094 | Lair:6   | Reached skill level 10 in Fighting
 11450 | Lair:6   | Found a runed translucent door.
 12028 | Snake:1  | Entered Level 1 of the Snake Pit
 12183 | Snake:1  | Found a frozen archway.
 12236 | Snake:2  | Noticed a nagaraja
 12240 | Snake:2  | Noticed a nagaraja
 12259 | Snake:2  | Killed a nagaraja
 12267 | Snake:2  | Killed a nagaraja
 12368 | Snake:2  | Noticed a nagaraja
 12383 | Snake:2  | Killed a nagaraja
 12383 | Snake:2  | Reached skill level 16 in Invocations
 12753 | Snake:3  | Identified the cursed +0 pair of gloves of the Invisible
                  | Hand {Dex+3}
 12753 | Snake:3  | Noticed Nikola
 12777 | Snake:3  | Killed Nikola
 12777 | Snake:3  | Reached XP level 16. HP: 148/148 MP: 22/22
 12788 | Snake:4  | Entered Level 4 of the Snake Pit
 12878 | Snake:4  | Found a transporter.
 12985 | Snake:4  | Reached skill level 17 in Invocations
 13028 | Snake:4  | Got a serpentine rune of Zot
 13380 | Swamp:1  | Entered Level 1 of the Swamp
 13591 | Swamp:3  | Noticed a thorn hunter
 13610 | Swamp:3  | Killed a thorn hunter
 13633 | Swamp:3  | Reached XP level 17. HP: 121/159 MP: 23/23
 13980 | Swamp:3  | Noticed Mara
 13983 | Swamp:4  | Entered Level 4 of the Swamp
 14239 | Swamp:4  | Found a basalt altar of Yredelemnul.
 14268 | Swamp:4  | Found a blossoming altar of Fedhas.
 14312 | Swamp:4  | Got a decaying rune of Zot
 14609 | Vaults:1 | Entered Level 1 of the Vaults
 14749 | Vaults:3 | Reached skill level 18 in Invocations
 15127 | Vaults:4 | Found a flickering gateway to a bazaar.
 15138 | Bazaar   | Entered a bazaar
 15138 | Bazaar   | Found Yngykkih's Food Emporium.
 15138 | Bazaar   | Found Elast's Antique Weapon Shoppe.
 15138 | Bazaar   | Found Losia's Book Emporium.
 15140 | Bazaar   | Found Aghommad's Assorted Antiques.
 15148 | Bazaar   | Bought a scroll of blinking for 172 gold pieces
 15157 | Bazaar   | Bought a manual of Dodging for 772 gold pieces
 15188 | Vaults:5 | Entered Level 5 of the Vaults
 15192 | Vaults:5 | Noticed a golden dragon
 15212 | Vaults:5 | Gained mutation: You passively map a large area around you.
                  | [Deep Dwarf growth]
 15212 | Vaults:5 | Reached XP level 18. HP: 170/170 MP: 23/23
 15220 | Vaults:5 | Killed a golden dragon
 15223 | Vaults:5 | Identified the +9 whip of Buacuset {venom, rElec rPois rF+
                  | Int-3}
 15242 | Vaults:5 | Noticed a lich
 15253 | Vaults:5 | Noticed a golden dragon
 15258 | Vaults:5 | Killed a lich
 15262 | Vaults:5 | Reached skill level 19 in Invocations
 15267 | Vaults:5 | Noticed a golden dragon
 15281 | Vaults:5 | Noticed an iron giant
 15281 | Vaults:5 | a shadow dragon changed into an iron giant
 15287 | Vaults:5 | an iron giant changed into a queen ant
 15288 | Vaults:5 | Killed a golden dragon
 15292 | Vaults:5 | Killed a golden dragon
 15292 | Vaults:5 | Reached XP level 19. HP: 174/180 MP: 24/24
 15498 | Vaults:5 | Got a silver rune of Zot
 15648 | Vaults:5 | Noticed a golden dragon
 15663 | Vaults:5 | Killed a golden dragon
 15663 | Vaults:5 | Reached skill level 20 in Invocations
 15748 | Vaults:5 | Identified Wuje's Tome of Air and the Blaze
 16279 | Vaults:5 | Found the +27 Lear's hauberk
 16380 | Vaults:5 | Identified the Papyrus of Fetching Stones
 16567 | Depths:1 | Entered Level 1 of the Depths
 16676 | Depths:1 | You fall into a shaft and drop 1 floor!
 16686 | Depths:2 | Reached skill level 15 in Dodging
 16748 | Depths:2 | Noticed a juggernaut
 16772 | Depths:2 | Killed a juggernaut
 16816 | Depths:3 | Reached XP level 20. HP: 192/192 MP: 26/26
 16840 | Depths:3 | Found a gateway to Hell.
 17146 | Depths:5 | Entered Level 5 of the Depths
 17195 | Depths:5 | Found a gate to the Realm of Zot.
 17195 | Depths:5 | Noticed a golden dragon
 17195 | Depths:5 | Noticed a bone dragon
 17196 | Depths:5 | Noticed a bone dragon
 17214 | Depths:5 | Killed a bone dragon
 17222 | Depths:5 | Killed a golden dragon
 17234 | Depths:5 | Killed a bone dragon
 17249 | Zot:1    | Entered Level 1 of the Realm of Zot
 17249 | Zot:1    | Noticed a curse toe
 17263 | Zot:1    | Killed a curse toe
 17517 | Zot:2    | Reached skill level 21 in Invocations
 17530 | Zot:2    | Reached skill level 15 in Fighting
 17643 | Zot:2    | Reached skill level 15 in Shields
 17705 | Zot:3    | Noticed a golden dragon
 17721 | Zot:3    | Killed a golden dragon
 17807 | Zot:3    | Noticed a golden dragon
 17818 | Zot:3    | Killed a golden dragon
 17971 | Zot:3    | Reached skill level 15 in Armour
 18022 | Zot:4    | Noticed a golden dragon
 18024 | Zot:4    | Reached XP level 21. HP: 194/201 MP: 19/19
 18025 | Zot:4    | Noticed a golden dragon
 18027 | Zot:4    | Noticed a Killer Klown
 18041 | Zot:4    | Killed a Killer Klown
 18044 | Zot:4    | Killed a golden dragon
 18057 | Zot:4    | Killed a golden dragon
 18083 | Zot:5    | Entered Level 5 of the Realm of Zot
 18414 | Zot:5    | Reached skill level 22 in Invocations
 18707 | Zot:5    | Noticed a Killer Klown
 18719 | Zot:5    | Killed a Killer Klown
 18721 | Zot:5    | Noticed an ancient lich
 18729 | Zot:5    | Killed an ancient lich
 18730 | Zot:5    | Noticed an orb of fire
 18739 | Zot:5    | Killed an orb of fire
 18744 | Zot:5    | Noticed an orb of fire
 18746 | Zot:5    | Noticed an orb of fire
 18747 | Zot:5    | Noticed a Killer Klown
 18747 | Zot:5    | Noticed an orb of fire
 18752 | Zot:5    | Gained mutation: You are clumsy. (Dex -2) [an orb of fire]
 18757 | Zot:5    | Gained mutation: You tend to lose your temper in combat.
                  | [an orb of fire]
 18759 | Zot:5    | Killed an orb of fire
 18759 | Zot:5    | Reached XP level 22. HP: 126/213 MP: 21/21
 18762 | Zot:5    | Killed a Killer Klown
 18764 | Zot:5    | Gained mutation: Armour fits poorly on your strangely
                  | shaped body. [an orb of fire]
 18766 | Zot:5    | Gained mutation: You occasionally shout uncontrollably at
                  | your foes. [an orb of fire]
 18772 | Zot:5    | Gained mutation: You are very clumsy. (Dex -4) [an orb of
                  | fire]
 18773 | Zot:5    | Gained mutation: Your body sometimes deteriorates upon
                  | taking damage. [an orb of fire]
 18776 | Zot:5    | Gained mutation: Your body often deteriorates upon taking
                  | damage. [an orb of fire]
 18783 | Zot:5    | Gained mutation: You are frail. (-10% HP) [an orb of fire]
 18785 | Zot:5    | Gained mutation: You are dopey. (Int -2) [an orb of fire]
 18789 | Zot:5    | Gained mutation: Scrolls take you a little longer to read.
                  | [an orb of fire]
 18791 | Zot:5    | Lost mutation: You are frail. (-10% HP) [an orb of fire]
 18796 | Zot:5    | Gained mutation: Scrolls take you longer to read. [an orb
                  | of fire]
 18798 | Zot:5    | Gained mutation: You are frail. (-10% HP) [an orb of fire]
 18802 | Zot:5    | Gained mutation: You often lose your temper in combat. [an
                  | orb of fire]
 18805 | Zot:5    | Gained mutation: You are very frail. (-20% HP) [an orb of
                  | fire]
 18806 | Zot:5    | Gained mutation: You are very dopey. (Int -4) [an orb of
                  | fire]
 18815 | Zot:5    | Gained mutation: Scrolls take you much longer to read. [an
                  | orb of fire]
 18815 | Zot:5    | HP: 7/170 [orb of fire/bolt of fire (10)]
 18820 | Zot:5    | Lost mutation: Your spells are a little harder to cast, but
                  | a little more powerful. [an orb of fire]
 18820 | Zot:5    | Gained mutation: Your magical capacity is low. (-10% MP)
                  | [an orb of fire]
 18834 | Zot:5    | Killed an orb of fire
 18836 | Zot:5    | Lost mutation: You are very clumsy. (Dex -4) [an orb of
                  | fire]
 18848 | Zot:5    | Gained mutation: You are extremely frail. (-30% HP) [an orb
                  | of fire]
 18850 | Zot:5    | Killed an orb of fire
 18920 | Zot:5    | Noticed an orb of fire
 18921 | Zot:5    | Noticed an orb of fire
 18922 | Zot:5    | Noticed an orb of fire
 18923 | Zot:5    | Noticed an orb of fire
 18924 | Zot:5    | Noticed a Killer Klown
 18926 | Zot:5    | Noticed a Killer Klown
 18928 | Zot:5    | Gained mutation: Your magical capacity is very low. (-20%
                  | MP) [an orb of fire]
 18929 | Zot:5    | Gained mutation: You have an uncontrollable temper. [an orb
                  | of fire]
 18937 | Zot:5    | Lost mutation: You have sharp toenails. [an orb of fire]
 18939 | Zot:5    | Gained mutation: You are very clumsy. (Dex -4) [an orb of
                  | fire]
 18939 | Zot:5    | Gained mutation: You sometimes yell uncontrollably at your
                  | foes. [an orb of fire]
 18983 | Zot:5    | Killed an orb of fire
 18996 | Zot:5    | Got the Orb of Zot
 19011 | Zot:5    | Noticed Xousuq the pandemonium lord
 19032 | Zot:5    | Killed a Killer Klown
 19092 | Zot:5    | Lost intelligence.
 19106 | Zot:5    | Gained mutation: You frequently scream uncontrollably at
                  | your foes. [an orb of fire]
 19119 | Zot:5    | Killed an orb of fire
 19126 | Zot:5    | Killed a Killer Klown
 19154 | Zot:5    | Lost intelligence.
 19291 | Zot:3    | Reached skill level 23 in Invocations
 19321 | Zot:3    | Lost mutation: You are very dopey. (Int -4) [potion of
                  | mutation]
 19321 | Zot:3    | Lost mutation: You are very clumsy. (Dex -4) [potion of
                  | mutation]
 19321 | Zot:3    | Gained mutation: You expend magic power (3 MP) to
                  | strengthen your wands. [potion of mutation]
 19548 | Depths:2 | Lost intelligence.
 19563 | Depths:2 | Noticed a caustic shrike
 19567 | Depths:2 | Killed from afar by an iron dragon

Levels and vault maps discovered:
D:1:      dpeg_arrival_tiny_c, layout_basic
D:2:      layout_loops_ring, chequers_ecumenical_altar_simple_redux,
          minmay_crystal_water, hex_medium, uniq_crazy_yiuf_cottage,
          uniq_jessica
D:3:      layout_loops_cross, first_ration, minivault_23
D:4:      layout_basic, grunt_temple_overflow_open
D:5:      layout_basic, uniq_blork_the_orc, uniq_pikel
D:6:      layout_basic, portal_sewer_entry_a, serial_shops, shop
D:7:      layout_loops_cross, kennysheep_mini,
          gammafunk_temple_overflow_forgotten, minmay_temple_entry_hall,
          serial_shops, shop_statue
D:8:      layout_loops_cross
D:9:      layout_loops_cross
D:10:     layout_small_grid, minmay_lair_entry_grove, hiddenorc1_lemuel,
          disabler_island, uniq_erolcha
D:11:     gammafunk_cloud_chamber, layout_basic, blue_anna_alchemist
          [blue_anna_fruit_fields, blue_anna_fruit_fields], uniq_urug
D:12:     fort_yaktaur, layout_rooms, minivault_7, uniq_josephine, uniq_maurice,
          uniq_azrael, uniq_rupert
D:13:     layout_rooms, david_vaults_2, uniq_frances
D:14:     layout_long_grid, hex_tiny
D:15:     grunt_enter_depths_hoard, layout_cave_pools, serial_shops, shop,
          tgw_xom, uniq_roxanne, uniq_nessos, uniq_agnes
Temple:   eino_temple_rhombus
Lair:1:   layout_chaotic_city, wad_woods_road_02, nicolae_quartered_pool_little,
          chequers_serial_rivers_small_3, minmay_lair_oklob_bushes,
          serial_bayou_pond_c, uniq_grum, uniq_joseph, uniq_sonja
Lair:2:   layout_small_grid
Lair:3:   layout_gridlike, skrybe_swamp_entry_bodies, eino_house_with_fridge,
          grunt_megastairs_5, infiniplex_staircase_pool_2
Lair:4:   layout_long_grid, dummy_snake_entry, hibernation_bobbens
Lair:5:   layout_big_grid, slime_altar_1, basic_altar
Lair:6:   hangedman_lair_caniforms_friends, layout_regular_city, wormcave,
          serial_bayou_shore_b
Swamp:1:  cheibrodos_swamp_tower_of_moss, layout_basic_swamp, serial_swamp_ruin,
          evilmike_swamp_ruin_rubble_1, evilmike_swamp_ruin_wall,
          evilmike_swamp_ruin_rubble_2, grunt_lady_of_the_lake
Swamp:2:  layout_basic_swamp, nicolae_swamp_godswood
Swamp:3:  layout_basic_swamp, nicolae_swamp_very_dense_foliage, uniq_mara
Swamp:4:  byrel_swamp_growth_death_and_undeath, layout_basic_swamp, swamp_pool2
Snake:1:  layout_gridlike, serial_shops, shop, portal_ice_cave_entry_dragon
Snake:2:  layout_onion
Snake:3:  layout_concentric_octagons, drop_trap, grunt_ministairs_4,
          grunt_megastairs_4, uniq_aizul, uniq_nikola
Snake:4:  snake_pit, layout_onion, gammafunk_ghost_berserking_beasts
Vaults:1: vaults_room_door_hall, nicolae_vaults_circle_grid_a,
          vaults_room_door_hall, nicolae_vaults_little_squares_2,
          nicolae_vaults_mini_display_case, nicolae_vaults_shelves_hall,
          hangedman_vaults_impose, nicolae_vaults_alarming,
          layout_vaults_quadrants, serial_shops, shop
Vaults:2: vaults_room_hallway, hangedman_vaults_restitches,
          hangedman_vaults_restitches, st_greater_box_1,
          nicolae_vaults_circle_grid_b, vaults_room_grunt_arrival_ludios,
          hangedman_vaults_slither, v_pattern_3, v_misc_4, v_alt_pattern_3,
          ontoclasm_vaults_pinch, nicolae_vaults_little_squares_2,
          layout_vaults_maze, basic_altar, serial_shops, shop_statue,
          nicolae_shop_waterfront, shop, shop, shop, uniq_margery
Vaults:3: nicolae_vaults_ring_of_whatevers, nicolae_vaults_back_hallway,
          ontoclasm_vaults_ring_square, nicolae_vaults_network_s, st_diamondy,
          v_rooms_3, v_misc_8, ontoclasm_vaults_eye, grunt_vaults_funnel,
          minmay_crypt_entry_simple_walls, v_alt_pattern_4, vaults_dpeg_cross,
          ontoclasm_vaults_twist, vaults_room_door_ring, layout_vaults_omnibox,
          mu_enter_wizlab_5
Vaults:4: v_rooms_2, nicolae_vaults_little_squares_1, grunt_vaults_trifunnel,
          nicolae_vaults_big_angled_halls, v_pattern_1, grunt_vaults_diagonal,
          ontoclasm_vaults_ring_square, ontoclasm_vaults_ring_square,
          ontoclasm_vaults_spin, nicolae_vaults_little_squares_1, v_misc_16,
          layout_vaults_omnicross, serial_shops, bzr_entry_safe
Vaults:5
Depths:1: layout_gridville, grunt_mini_vestibule, nicolae_transmutations_shop,
          minmay_shop_enchanted_jewellery, minmay_door_square,
          minmay_liquid_box, drop_trap, moated_statue, minmay_misc_feat_alley,
          minmay_misc_feat_four_crosses, guppyfry_shop_earth, uniq_saint_roka,
          uniq_sojobo
Depths:2: nicolae_legendary_halls, layout_cave_pools, patterned_corridor,
          rand_demon_pan_entry_4, abyss_entry, hell_entry,
          minmay_staircase_bubble
Depths:3: minmay_box_of_statues, layout_gridlike, hell_entry, abyss_entry,
          pan_entry, serial_sigils_hangedman_gut, item_on_display_a,
          serial_bayou_shore_a
Depths:4: box_level_dp, hell_entry, abyss_entry
Depths:5: grunt_zot_entry_tricorne, layout_cave_pools, enter_ziggurat_e,
          pf_dread_powers_of_hell, evilmike_ruin_ashenzari,
          minmay_gold_behind_fungi, kennysheep_underground_church,
          serial_bayou_shore_b
Zot:1:    layout_basic
Zot:2:    layout_misc_corridors
Zot:3:    layout_cathedral_of_symmetry
Zot:4:    layout_misc_corridors, gammafunk_ghost_abyssal_escape,
          st_single_dragon_hoard_2, st_stairs_14
Zot:5:    layout_gridlike

Skill      XL: |  1  2  3  4  5  6  7  8  9 10 11 12 13 14 15 16 17 18 19 20 21 22 |
---------------+-------------------------------------------------------------------+-----
Axes           | 3 4 5 6 7 9 10 11 12 14 15 16 17 18 19 20 21 | 21.3
Dodging        | 1 2 3 4 6 7 8 9 10 11 12 13 14 15 16 17 | 17.6
Fighting       | 3 4 5 6 7 8 9 10 11 12 13 14 15 16 | 16.7
Shields        | 4 5 6 7 8 9 10 11 12 13 14 15 16 | 16.2
Armour         | 4 5 6 7 8 9 10 11 12 13 14 15 16 | 16.0
Invocations    | 2 6 9 11 13 14 16 17 18 19 20 21 22 23 | 23.0

Action                   |  1- 3 |  4- 6 |  7- 9 | 10-12 | 13-15 | 16-18 | 19-21 | 22-24 || total
-------------------------+-------+-------+-------+-------+-------+-------+-------+-------++-------
Melee: War axe           |    57 |    69 |   211 |       |       |       |       |       ||   337
       Broad axe         |       |       |   171 |   509 |  1012 |   701 |   869 |   235 ||  3497
Invok: Greater Servant o |       |       |       |       |       |    12 |     3 |     4 ||    19
 Abil: Heal Wounds       |     3 |     6 |     3 |     3 |     2 |    10 |    23 |    46 ||    96
Evoke: Wand              |       |       |       |     4 |       |       |       |       ||     4
  Use: Scroll            |       |       |    15 |     5 |    11 |     3 |    15 |     1 ||    50
       Potion            |       |       |     1 |       |     1 |     8 |     6 |    15 ||    31
 Stab: Distracted        |       |       |       |       |       |     3 |     3 |     3 ||     9
       Confused          |       |       |       |       |       |     1 |     3 |       ||     4
       Invisible         |       |       |       |       |       |       |    47 |       ||    47
  Eat: Chunk             |       |       |    10 |     9 |    16 |     4 |     3 |       ||    42
       Ration            |       |       |       |     1 |     3 |     2 |     4 |       ||    10
Armor: Plate armour      |    45 |    12 |       |       |       |       |       |       ||    57
       Scale mail        |     1 |       |       |       |       |       |       |       ||     1
       Chain mail        |       |    27 |   248 |   415 |   531 |   639 |   517 |    74 ||  2451
       Skin              |       |       |       |       |       |       |    26 |       ||    26
Dodge: Dodged            |    23 |    23 |   123 |   236 |   399 |   743 |   594 |    77 ||  2218
Block: Kite shield       |    45 |    37 |   243 |     7 |       |       |       |       ||   332
       Tower shield      |       |       |       |   649 |  1276 |  1295 |  1392 |   229 ||  4841
       Reflection        |       |       |       |       |    35 |    96 |    32 |     7 ||   170

Table legend:
 A = Non-vault XP
 B = Vault XP
 C = Vault XP percentage of total XP
 D = Non-vault monster count
 E = Vault monster count
 F = Vault count percentage of total count
                 A         B        C        D         E       F
            +---------+---------+-------+---------+---------+-------
      Total |  436615 |  361570 |  45.3 |     850 |     469 |  35.6
            +---------+---------+-------+---------+---------+-------
        D:1 |      13 |       0 |   0.0 |       6 |       0 |   0.0
        D:2 |       6 |      37 |  86.0 |       3 |       1 |  25.0
        D:3 |      29 |       0 |   0.0 |       8 |       0 |   0.0
        D:4 |     734 |       0 |   0.0 |      19 |       0 |   0.0
        D:5 |     787 |     732 |  48.2 |      21 |       2 |   8.7
        D:6 |    1355 |      28 |   2.0 |      28 |       6 |  17.6
        D:7 |    1202 |       0 |   0.0 |      29 |       0 |   0.0
        D:8 |    1279 |       0 |   0.0 |      25 |       0 |   0.0
        D:9 |    1295 |       0 |   0.0 |      17 |       0 |   0.0
       D:10 |    4363 |    3174 |  42.1 |      39 |      31 |  44.3
       D:11 |    7480 |     839 |  10.1 |      39 |       1 |   2.5
       D:12 |    6745 |   11398 |  62.8 |      44 |      48 |  52.2
       D:13 |    1953 |    3052 |  61.0 |      16 |       4 |  20.0
       D:14 |    5356 |       0 |   0.0 |      26 |       0 |   0.0
       D:15 |   20619 |    8831 |  30.0 |      45 |      11 |  19.6
     Lair:1 |    2314 |       0 |   0.0 |      12 |       0 |   0.0
     Lair:2 |    4908 |       0 |   0.0 |      17 |       0 |   0.0
     Lair:3 |    5368 |    2831 |  34.5 |      24 |      17 |  41.5
     Lair:4 |    2759 |       0 |   0.0 |      13 |       0 |   0.0
     Lair:5 |    4013 |       0 |   0.0 |      12 |       0 |   0.0
     Lair:6 |    9504 |   10903 |  53.4 |      34 |      57 |  62.6
    Swamp:1 |    3419 |       0 |   0.0 |       9 |       0 |   0.0
    Swamp:2 |    4951 |       0 |   0.0 |       7 |       0 |   0.0
    Swamp:3 |    8059 |       0 |   0.0 |      18 |       0 |   0.0
    Swamp:4 |   10093 |   19902 |  66.4 |      28 |      42 |  60.0
    Snake:1 |    6823 |     967 |  12.4 |      14 |       1 |   6.7
    Snake:2 |   17136 |       0 |   0.0 |      26 |       0 |   0.0
    Snake:3 |    2052 |    5501 |  72.8 |       3 |       5 |  62.5
    Snake:4 |   17873 |   25654 |  58.9 |      35 |      43 |  55.1
   Vaults:2 |     836 |       0 |   0.0 |       2 |       0 |   0.0
   Vaults:3 |   11309 |    3862 |  25.5 |      15 |       5 |  25.0
   Vaults:4 |   14821 |    1158 |   7.2 |      22 |       8 |  26.7
   Vaults:5 |   42288 |  120964 |  74.1 |      53 |      91 |  63.2
   Depths:1 |    2886 |       0 |   0.0 |       4 |       0 |   0.0
   Depths:2 |   11018 |   15745 |  58.8 |      11 |       7 |  38.9
   Depths:3 |   18876 |       0 |   0.0 |      23 |       0 |   0.0
   Depths:5 |    6561 |   18051 |  73.3 |       3 |       9 |  75.0
      Zot:1 |   19640 |       0 |   0.0 |      10 |       0 |   0.0
      Zot:2 |   22322 |       0 |   0.0 |      16 |       0 |   0.0
      Zot:3 |   29918 |       0 |   0.0 |      17 |       0 |   0.0
      Zot:4 |   36228 |       0 |   0.0 |      21 |       0 |   0.0
      Zot:5 |   67424 |  107587 |  61.5 |      36 |      32 |  47.1
      Sewer |       0 |     354 | 100.0 |       0 |      48 | 100.0
            +---------+---------+-------+---------+---------+-------
